 Dungeon Crawl Stone Soup version 0.27-a0-34-gc18c9092ac (webtiles) character file.

Game seed: 15305329980750099280

23268 Anon1729 the Cleaver (level 12, -5/117 HPs)
             Began as a Palentonga Fighter on Jan 4, 2021.
             Was a Follower of Uskayaw.
             Killed from afar by a white imp (9 damage)
             ... with a puff of frost
             ... in an ice cave.
             The game lasted 00:43:20 (18500 turns).

Anon1729 the Cleaver (Palentonga Fighter)          Turns: 18500, Time: 00:43:21

Health: -5/117     AC: 28    Str: 38    XL:     12   Next: 70%
Magic:  19/19      EV:  5    Int:  4    God:    Uskayaw [*.....]
Gold:   1562       SH: 12    Dex: 18    Spells: 11/11 levels left

rFire    . . .     SeeInvis +   a - +0 war axe
rCold    . . .     Faith    .   c - +0 kite shield
rNeg     . . .     Spirit   .   C - +7 chain mail of Ontigeze {Str+5 Int-2 Dex+2 Stlth+}
rPois    .         Reflect  .   (no helmet)
rElec    .         Harm     .   (no cloak)
rCorr    .         Rampage  .   v - +0 pair of gloves
Will     .....     Rnd*Tele +   (no barding)
Stlth    ..........             (no amulet)
HPRegen  0.29/turn              O - +4 ring of protection
MPRegen  0.16/turn              E - ring of Tapn {*Tele Str+10 Int-2 Dex+4}

@: curled up
A: large, rugged brown scales 3, see invisible, deformed body, roll 1, armoured
tail, reflexive curl
a: Rolling Charge, Renounce Religion, Stomp


You were in an ice cave.
You worshipped Uskayaw.
Uskayaw was aware of your devotion.
You visited 4 branches of the dungeon, and saw 19 of its levels.
You also visited: Ice Cave and Volcano.

You collected 1862 gold pieces.
You spent 300 gold pieces at shops.

Inventory:

Hand Weapons
 a - a +0 war axe (weapon)
 r - a +3 whip
 K - a +2 scimitar of flaming
Missiles
 D - 3 curare-tipped darts (quivered)
Armour
 b - a +0 scale mail
 c - a +0 kite shield (worn)
 v - a +0 pair of gloves (worn)
 z - a +2 plate armour of fire resistance
 C - the +7 chain mail of Ontigeze (worn) {Str+5 Int-2 Dex+2 Stlth+}
   (You found it on level 10 of the Dungeon)

   It affects your strength (+5).
   It affects your intelligence (-2).
   It affects your dexterity (+2).
   It makes you more stealthy.
Jewellery
 p - an uncursed ring of flight
 w - an uncursed ring of poison resistance
 E - the ring of Tapn (right hand) {*Tele Str+10 Int-2 Dex+4}
   (You found it on level 9 of the Dungeon)

   [ring of teleportation]

   It may teleport you next to monsters.
   It affects your strength (+10).
   It affects your intelligence (-2).
   It affects your dexterity (+4).
 O - a +4 ring of protection (left hand)
 P - an uncursed amulet of guardian spirit {unknown}
Wands
 j - a wand of flame (43)
 y - a wand of paralysis (11)
 J - a wand of polymorph (7)
 L - a wand of enslavement (15)
 N - a wand of random effects (23)
Scrolls
 f - 6 scrolls of enchant weapon
 g - 13 scrolls of remove curse
 h - 4 scrolls of amnesia
 i - 3 scrolls of enchant armour
 s - a scroll of fear
 t - 2 scrolls of teleportation
 u - 3 scrolls of blinking
 A - a scroll of silence {unknown}
 G - a scroll of brand weapon {unknown}
 M - a scroll of vulnerability {unknown}
Potions
 d - 5 potions of might
 e - 4 potions of haste
 k - 2 potions of resistance
 l - 5 potions of curing
 m - 3 potions of flight
 o - a potion of experience {unknown}
 q - 5 potions of magic
 x - a potion of berserk rage
 B - 2 potions of heal wounds
 H - a potion of lignification {unknown}
 I - 3 potions of attraction
Miscellaneous
 n - a phial of floods
 Q - a box of beasts


   Skills:
 + Level 11.6 Fighting
 * Level 14.0 Axes
 - Level 5.0 Armour
 - Level 5.0 Shields
 + Level 9.7 Invocations


You had 11 spell levels left.
You didn't know any spells.
Your spell library contained the following spells:

 Spells                   Type           Power        Failure   Level
 Animate Skeleton         Necr           0%           99%         1
 Beastly Appendage        Tmut           0%           99%         1
 Pain                     Necr           0%           99%         1
 Sting                    Tmut/Pois      0%           99%         1
 Poisonous Vapours        Pois/Air       0%           100%        2
 Sublimation of Blood     Necr           0%           100%        2
 Wereblood                Tmut           0%           100%        2
 Ignite Poison            Fire/Tmut/Pois 0%           100%        3
 Mephitic Cloud           Conj/Pois/Air  0%           100%        3
 Spider Form              Tmut/Pois      0%           100%        3
 Vampiric Draining        Necr           0%           100%        3
 Animate Dead             Necr           0%           100%        4
 Ice Form                 Ice/Tmut       0%           100%        4
 Olgreb's Toxic Radiance  Pois           0%           100%        4
 Agony                    Necr           0%           100%        5
 Blade Hands              Tmut           0%           100%        5
 Dragon Form              Tmut           0%           100%        7


Dungeon Overview and Level Annotations

Branches:
Dungeon (12/15)            Temple (1/1) D:5            Lair (4/6) D:11
 Shoals (0/4) Lair:2       Spider (0/4) Lair:3          Orc (2/2) D:10
    Elf (0/3) Orc:2         IceCv (1/1)             Volcano (visited)

Altars:
Ashenzari
Cheibriados
Dithmenos
Elyvilon
Fedhas
Gozag
Hepliaklqana
Kikubaaqudgha
Makhleb
Nemelex Xobeh
Okawaru
Qazlal
Ru
Sif Muna
Trog
Uskayaw
Vehumet
Wu Jian
Xom
Yredelemnul
Zin
The Shining One
Beogh

Shops:
D:5 *?(   D:6 :   D:8 !

Portals:
Abyss: D:4 D:6

Annotations:
D:4 2 transporters, Megustar's ghost, amateur DEFE
D:6 2 transporters, skk's ghost, novice DDFi
Lair:3 exclusion: 2 oklob plants IceCv exclusion: ice statue


Innate Abilities, Weirdness & Mutations

You are completely covered in rugged brown scales. (AC +3, +7% HP)
You have supernaturally acute eyesight. (SInv)
Armour fits poorly on your strangely shaped body.
You can roll at nearby foes to attack.
You have a long armoured tail.
You curl defensively after being hit.


Message History

The reaper is almost dead.
The now-empty wand crumbles to dust.
Something shouts, "Remove thy stench, thou weedy rump-fed nobody!"
The reaper is engulfed in freezing vapours.
You block the ice devil's attack.
Unknown command.
You hit the ice devil but do no damage.
The ice devil is severely wounded.
The ice devil hits you.
* * * LOW HITPOINT WARNING * * *
The ice devil freezes you!!
* * * LOW HITPOINT WARNING * * *
Unknown command.
Blink to where?
Press: ? - help, Dir - move target
As you read the scroll of blinking, it crumbles to dust.
The white imp shouts!
The white imp gestures at you. The puff of frost hits you!
You die...

.☼§○§2..4§.☼#
#..####§.§#§..#
§§.☼☼○○..#..°#
#§°§.....#.≈.#
#○§.#..###.○4§#
#§☼#.##.°§§.°##
#
#§§#.#.§§§°#§.##
#
##.......###..##
# #@.......#
#☼§.###
#....5..##
##§§#..
##......# ##4...
#.....## ##..#
##...## ####
##.## ###


You could see a white imp.

Vanquished Creatures
  2 hydras
  A boulder beetle (D:11)
  Erica (D:8)
  Sonja (D:10)
  2 orc sorcerers (Orc:1)
  A cyclops (Orc:1)
  2 black mambas
  7 cane toads
  A gargoyle (Volcano)
  2 kobold demonologists (D:11)
  2 komodo dragons
  A rime drake (Lair:3)
  7 ice devils (IceCv)
  2 efreet
  3 trolls
  Grinder (D:4)
  3 blink frogs (Lair:4)
  4 wyverns
  A redback (Lair:3)
  14 yaks
  2 shadows
  2 fire elementals (Volcano)
  A basilisk (Lair:3)
  3 fire bats (Lair:2)
  A steam dragon (D:10)
  A warg (Orc:1)
  An acid dragon (D:11)
  6 water moccasins
  14 orc warriors
  2 ice beasts
  4 phantoms
  3 black bears
  An eye of draining (D:10)
  A necrophage (D:7)
  5 ogres
  2 centaurs (D:7)
  4 wolves (Lair:3)
  A big kobold (D:10)
  5 bullfrogs
  4 scorpions
  10 wights
  2 howler monkeys
  A centaur zombie (D:5)
  A bullfrog zombie (D:7)
  A centaur skeleton (D:8)
  3 hounds
  2 bullfrog skeletons
  8 orc priests
  6 iguanas
  Natasha (thrice) (D:4)
  12 orc wizards
  10 worker ants
  6 ogre zombies (D:10)
  A hound zombie (D:8)
  3 gnolls (D:4)
  A howler monkey skeleton (D:4)
  6 adders
  18 white imps
  3 ufetubi
  An ooze (D:1)
  An adder zombie (D:7)
  4 worms
  7 dart slugs
  7 leopard geckos
  44 orcs
  A ball python (D:1)
  8 bats
  4 giant cockroaches
  7 hobgoblins
  8 jackals
  16 kobolds
  6 quokkas
  5 frilled lizards
  9 goblins
  2 goblin skeletons (D:10)
  2 hobgoblin zombies (D:10)
  5 orc skeletons (D:10)
  10 orc zombies (D:10)
  5 rats
370 creatures vanquished.

Vanquished Creatures (collateral kills)
  An ugly thing (D:11)
  A bullfrog (D:11)
2 creatures vanquished.

Vanquished Creatures (others)
  5 white imps (IceCv)
  2 ufetubi (IceCv)
  An orc (Orc:2)
  3 demonic plants (D:11)
  10 fungi
  9 plants
30 creatures vanquished.

Grand Total: 402 creatures vanquished

Notes
Turn   | Place    | Note
-------+----------+-------------------------------------------
     0 | D:1      | Anon1729 the Palentonga Fighter began the quest for the
                  | Orb.
     0 | D:1      | Reached XP level 1. HP: 20/20 MP: 1/1
   130 | D:1      | Reached XP level 2. HP: 27/27 MP: 2/2
   411 | D:1      | Reached XP level 3. HP: 33/33 MP: 3/3
  1461 | D:2      | Reached XP level 4. HP: 42/42 MP: 4/4
  1523 | D:2      | Found a shadowy altar of Dithmenos.
  1524 | D:2      | Found a broken altar of Ashenzari.
  2436 | D:3      | Found a sacrificial altar of Ru.
  2536 | D:4      | Noticed Grinder
  2545 | D:4      | Paralysed by Grinder for 7 turns
  2783 | D:4      | Reached skill level 3 in Axes
  2783 | D:4      | Reached XP level 5. HP: 18/49 MP: 5/5
  3062 | D:4      | Noticed a phantom
  3135 | D:5      | Entered Level 5 of the Dungeon
  3135 | D:5      | Found Ogeottuf's Magic Scroll Emporium.
  3138 | D:5      | Bought a scroll of identify for 24 gold pieces
  3138 | D:5      | Bought a scroll of noise for 12 gold pieces
  3138 | D:5      | Bought 2 scrolls of teleportation for 72 gold pieces
  3138 | D:5      | Bought a scroll of remove curse for 36 gold pieces
  3147 | D:5      | Found Muemn's Assorted Antiques.
  3156 | D:5      | Reached XP level 6. HP: 56/56 MP: 6/6
  3166 | D:5      | Reached skill level 4 in Axes
  3595 | D:5      | Noticed an ice beast
  3864 | D:4      | Found a transporter.
  3888 | D:4      | Identified the +6 rapier of the Jolly Places {distort,
                  | Int+4 Dex+4}
  3899 | D:4      | Reached skill level 5 in Fighting
  3916 | D:4      | Found a transporter.
  3990 | D:4      | Noticed Natasha
  3999 | D:4      | Killed Natasha
  4006 | D:4      | Gained mutation: You curl defensively after being hit.
                  | [Palentonga growth]
  4006 | D:4      | Reached XP level 7. HP: 10/65 MP: 7/7
  4428 | D:4      | Found a one-way gate to the infinite horrors of the Abyss.
  4438 | D:4      | Noticed Megustar's ghost (amateur DEFE)
  4483 | D:4      | Killed Grinder
  4484 | D:4      | Reached skill level 5 in Axes
  4619 | D:4      | Noticed Natasha
  4632 | D:4      | Killed Natasha
  4734 | D:4      | Noticed Natasha
  4745 | D:4      | Killed Natasha
  5172 | D:5      | Reached XP level 8. HP: 72/74 MP: 8/8
  5270 | D:5      | Found a staircase to the Ecumenical Temple.
  5288 | Temple   | Entered the Ecumenical Temple
  5638 | D:5      | Found Xanenohae's Antique Weapon Emporium.
  5770 | D:6      | Found a glowing golden altar of the Shining One.
  5795 | D:6      | Found Arha's Book Emporium.
  5951 | D:6      | Reached skill level 6 in Axes
  7171 | D:6      | Reached skill level 7 in Axes
  7180 | D:6      | Reached XP level 9. HP: 37/84 MP: 9/9
  7564 | D:6      | Found a transporter.
  7568 | D:6      | Noticed a purple ugly thing
  7578 | D:6      | Found a transporter.
  7582 | D:6      | Noticed skk's ghost (novice DDFi)
  7810 | D:6      | Found a blossoming altar of Fedhas.
  7810 | D:6      | Found a shimmering blue altar of Sif Muna.
  7810 | D:6      | Found a snail-covered altar of Cheibriados.
  8011 | D:8      | Found a hide-covered altar of Uskayaw.
  8028 | D:8      | Became a worshipper of Uskayaw the Reveller
  8048 | D:8      | Found Hyife's Distillery.
  8056 | D:8      | Bought a potion of curing for 36 gold pieces
  8056 | D:8      | Bought 2 potions of heal wounds for 120 gold pieces
  8082 | D:8      | Reached * piety under Uskayaw
  8216 | D:8      | Reached ** piety under Uskayaw
  8368 | D:8      | Reached skill level 1 in Invocations
  8440 | D:8      | Reached skill level 5 in Armour
  8440 | D:8      | Reached skill level 5 in Shields
  8441 | D:8      | Noticed a five-headed hydra
  8589 | D:8      | Noticed Erica
  8594 | D:8      | Paralysed by Erica for 6 turns
  8608 | D:8      | Reached *** piety under Uskayaw
  8612 | D:8      | Killed Erica
  8613 | D:8      | Reached skill level 8 in Axes
  8613 | D:8      | Reached **** piety under Uskayaw
  9496 | D:9      | Got a scorched platinum ring
  9521 | D:9      | Identified the ring of Tapn {*Tele Str+10 Int-2 Dex+4} (You
                  | found it on level 9 of the Dungeon)
 10113 | D:10     | Entered Level 10 of the Dungeon
 10134 | D:10     | Noticed a troll
 10143 | D:10     | Killed a troll
 10352 | D:10     | Got an ichor-stained chain mail
 10363 | D:10     | Identified the +7 chain mail of Ontigeze {Str+5 Int-2 Dex+2
                  | Stlth+} (You found it on level 10 of the Dungeon)
 10455 | D:10     | Reached skill level 9 in Axes
 10461 | D:10     | Reached XP level 10. HP: 79/96 MP: 12/12
 10466 | D:10     | Found a staircase to the Orcish Mines.
 10473 | D:10     | Reached ***** piety under Uskayaw
 11321 | D:11     | Noticed a brown ugly thing
 11344 | Orc:1    | Entered Level 1 of the Orcish Mines
 11506 | Orc:1    | Noticed an orc sorcerer
 11506 | Orc:1    | Paralysed by an orc sorcerer for 3 turns
 11518 | Orc:1    | Killed an orc sorcerer
 11526 | Orc:1    | Reached ****** piety under Uskayaw
 11527 | Orc:1    | Reached skill level 10 in Axes
 11527 | Orc:1    | Reached skill level 5 in Invocations
 11565 | Orc:1    | Noticed an orc sorcerer
 11570 | Orc:1    | Killed an orc sorcerer
 11571 | Orc:1    | Noticed a cyclops
 11584 | Orc:1    | Killed a cyclops
 11734 | Orc:1    | Found a roughly hewn altar of Beogh.
 12320 | Orc:2    | Entered Level 2 of the Orcish Mines
 12320 | Orc:2    | Found a staircase to the Elven Halls.
 12320 | Orc:2    | Noticed an orc knight
 12353 | Orc:2    | Noticed an orc sorcerer
 12656 | Orc:2    | Noticed an orc sorcerer
 12656 | Orc:2    | Noticed an orc high priest
 12694 | Orc:1    | Reached skill level 11 in Axes
 12694 | Orc:1    | Reached XP level 11. HP: 17/105 MP: 15/15
 13139 | Orc:2    | Noticed an orc warlord
 13139 | Orc:2    | Noticed an orc knight
 13339 | D:11     | Noticed Sonja
 13447 | D:10     | Killed Sonja
 13599 | D:11     | Noticed a red ugly thing
 13599 | D:11     | Noticed a boulder beetle
 13607 | D:11     | Reached skill level 10 in Fighting
 13610 | D:11     | Found a staircase to the Lair.
 13821 | D:11     | Killed a boulder beetle
 14195 | D:11     | Killed a brown ugly thing
 14196 | D:11     | Reached skill level 12 in Axes
 14222 | Lair:1   | Entered Level 1 of the Lair of Beasts
 14406 | Lair:1   | Noticed a six-headed hydra
 14664 | Lair:2   | Noticed a six-headed hydra
 14738 | Lair:2   | Identified a scroll of acquirement
 14739 | Lair:2   | Acquired 617 gold pieces
 14787 | Lair:2   | Found a dark tunnel.
 14797 | Volcano  | Entered a volcano
 15179 | Lair:2   | Killed a three-headed hydra
 15431 | Lair:2   | Reached XP level 12. HP: 115/115 MP: 18/18
 15458 | Lair:2   | Found a staircase to the Shoals.
 16122 | Lair:1   | Reached skill level 13 in Axes
 16241 | Lair:1   | Killed a one-headed hydra
 17350 | Lair:3   | Found a hole to the Spider Nest.
 17599 | Lair:3   | Identified the Incunabulum of Transmutation and Darkness
 17965 | Lair:4   | Found an ancient bone altar of Kikubaaqudgha.
 17993 | Lair:4   | Found a frozen archway.
 18388 | IceCv    | Entered an ice cave
 18423 | IceCv    | Reached skill level 14 in Axes
 18490 | IceCv    | Noticed a reaper
 18499 | IceCv    | HP: 4/117 [ice devil (21)]
 18500 | IceCv    | Killed from afar by a white imp

Illustrated notes

Levels and vault maps discovered:
D:1:      erik_arrival_blinker_ship, layout_loops_corners,
          hangedman_decor_growths, chequers_serial_rivers_micro_c
D:2:      layout_basic, chequers_temple_overflow_statue_of_worship
D:3:      layout_basic, minivault_4, nicolae_ru_path_of_blood
D:4:      layout_basic, gammafunk_ghost_abyssal_escape, grunt_decor_one_mirror,
          uniq_grinder, uniq_natasha
D:5:      layout_cave_pools, minmay_temple_entry_sparse_star, serial_shops,
          shop, nicolae_shop_overgrown_old_shop, nicolae_shop_statue_plus
D:6:      layout_basic, minitemple, kennysheep_mini, serial_shops,
          nicolae_shop_temple_entry_statues_fountains,
          gammafunk_ghost_abyssal_escape, dk_rats_in_the_wall
D:7:      layout_rooms
D:8:      layout_loops_ring, kennysheep_little_box, serial_shops,
          nicolae_shop_stone, uniq_erica
D:9:      layout_basic, minmay_misc_feat_chi
D:10:     layout_stronghold, zombieorc1_lemuel
D:11:     kennysheep_kobold_lugonu_temple, layout_cave_pools, lair_entry_dummy,
          uniq_sonja
D:12:     cheibrodos_magma_flow, layout_irregular_city,
          kennysheep_generic_room_5
Temple:   nicolae_temple_no_exploring_needed
Lair:1:   layout_cave_pods, minmay_stone_trees_small
Lair:2:   layout_regular_city, elwin_shoals_entry_rocks,
          nicolae_volcano_entry_batcave, lemuel_fruit_tree
Lair:3:   layout_hall_layers, spider_nest_entry_a, minmay_lair_oklob_chamber
Lair:4:   layout_misc_corridors, portal_ice_cave_entry_imps, basic_altar,
          grunt_megastairs_5
Orc:1:    layout_caves, mines1_david
Orc:2:    grunt_orc_gardens, layout_caves, grunt_orc_garden, grunt_orc_garden,
          grunt_orc_garden, grunt_orc_garden, serial_shops, shop,
          minmay_orc_keep
IceCv:    ice_cave_small_demon

Skill      XL: |  1  2  3  4  5  6  7  8  9 10 11 12 |
---------------+-------------------------------------+-----
Fighting       | 4 5 6 7 8 9 10 11 | 11.6
Axes           | 3 4 5 7 9 11 12 14 | 14.0
Armour         | 3 4 5 |  5.0
Shields        | 3 4 5 |  5.0
Invocations    | 3 6 8 9 |  9.7

Action                   |  1- 3 |  4- 6 |  7- 9 | 10-12 || total
-------------------------+-------+-------+-------+-------++-------
Melee: War axe           |   108 |   155 |   383 |   474 ||  1120
       Tailslap          |     6 |    10 |    58 |   130 ||   204
       Scimitar          |       |       |       |    15 ||    15
Throw: Dart              |       |       |       |     2 ||     2
 Abil: Rolling Charge    |       |     7 |    17 |    43 ||    67
Evoke: Wand              |       |       |     3 |     9 ||    12
  Use: Potion            |       |     2 |     1 |     3 ||     6
       Scroll            |       |     6 |     7 |    11 ||    24
 Stab: Paralysed         |       |       |    10 |    70 ||    80
Armor: Scale mail        |    64 |    75 |   146 |       ||   285
       Chain mail        |       |       |     5 |   279 ||   284
Dodge: Dodged            |    26 |    39 |    92 |    91 ||   248
Block: Kite shield       |    51 |    92 |   169 |   304 ||   616
       Rpst.: Scimitar   |       |       |       |     2 ||     2

Table legend: (Time is in decaauts)
 A = Elapsed time spent in this place.
 B = Non-inter-level travel time spent in this place.
 C = Inter-level travel time spent in this place.
 D = Time resting spent in this place.
 E = Time spent auto-exploring this place.
 F = Levels seen in this place.
 G = Mean time per level.
                   A        B        C        D        E       F      G
               +--------+--------+--------+--------+--------+-----+--------+
         Total |  18749 |  18136 |    613 |   4658 |  10397 |  21 |  892.8 |
       Dungeon |  12747 |  12290 |    457 |   2790 |   7387 |  12 | 1062.2 |
        Temple |      1 |      0 |      1 |      0 |      0 |   1 |    1.0 |
          Lair |   3751 |   3658 |     93 |    953 |   2238 |   4 |  937.8 |
  Orcish Mines |   1762 |   1701 |     61 |    664 |    761 |   2 |  881.0 |
      Ice Cave |    110 |    110 |      0 |     38 |      1 |   1 |  110.0 |
       Volcano |    376 |    376 |      0 |    213 |      9 |   1 |  376.0 |
               +--------+--------+--------+--------+--------+-----+--------+

Top non-repeatable levels by time:
   Orc:1: 1746 daAuts
    D:10: 1715 daAuts
     D:4: 1715 daAuts
     D:3: 1395 daAuts
  Lair:1: 1272 daAuts
  Lair:2: 1179 daAuts
     D:7: 1171 daAuts
     D:8: 1109 daAuts
     D:9: 1098 daAuts
     D:6: 1086 daAuts
     D:5: 1059 daAuts
     D:1: 958 daAuts
     D:2: 756 daAuts
  Lair:3: 738 daAuts
    D:11: 678 daAuts
